[Event "Titled Tuesday Blitz February 21 Late 2023"]
[White "Feng, Eric"]
[Black "Jimenez Jimenez, Leandro"]
[WhiteFideId "30952590"]
[BlackFideId "6415253"]
[WhiteElo "1951"]
[BlackElo "2146"]
[Result "0-1"]
[Round "06"]
[TimeControl "180+2"]
[Date "2023.02.21"]
[WhiteClock "0:00:30"]
[BlackClock "0:00:14"]

1. d4 d5 2. c4 e5 3. dxe5 d4 4. Nf3 Nc6 5. e3 Bb4+ 6. Bd2 dxe3 7. fxe3 Nge7 8. Be2 O-O 9. O-O Ng6 10. Bxb4 Nxb4 11. Nc3 Nc6 12. Qc2 Ncxe5 13. Nxe5 Nxe5 14. Rad1 Qg5 15. Nd5 c6 16. Nf4 Bf5 17. Qc3 Ng4 18. h3 Nf6 19. Bf3 Rfe8 20. Qb3 Re7 21. Rd4 Rae8 22. Re1 Ne4 23. Bxe4 Bxe4 24. Rd2 Qg3 25. Rf2 g6 26. Qc3 h5 27. b4 Bf5 28. Rf3 Qg5 29. Kf2 Be4 30. Rg3 Qe5 31. Qxe5 Rxe5 32. h4 Rd8 33. Ke2 Kf8 34. Rd1 Ree8 35. Rd2 Bf5 36. Ke1 Bg4 37. Nd3 Re4 38. Nf2 Rxd2 39. Kxd2 Rxc4 40. e4 Be6 41. a3 a6 42. Rd3 a5 43. bxa5 Ra4 44. Rd8+ Kg7 45. Rb8 Rxa5 46. Rxb7 Rxa3 47. Ke2 Ra2+ 48. Kf3 c5 49. Rc7 c4 50. g4 Ra3+ 51. Kf4 hxg4 52. Nxg4 Rd3 53. Ne5 Rd1 54. Rc6 Rf1+ 55. Ke3 Rh1 56. Nxc4 Rxh4 57. Nd6 Rh3+ 58. Kd4 Rh1 59. Rc7 Rd1+ 60. Ke5 Ra1 61. Ne8+ Kf8 62. Nf6 Kg7 63. Rc5 Rg1 64. Ne8+ Kf8 65. Rc8 Bxc8 66. Nd6 Be6 67. Kd4 Rg5 68. e5 Rg1 69. Ke3 Rd1 70. Kf4 Rxd6 71. exd6 Ke8 72. Ke5 Kd7 73. Kf6 g5 74. Kxg5 Kxd6 75. Kf6 Kd5 76. Kg5 Ke5 77. Kh4 f5 78. Kg3 Bd5 79. Kf2 f4 80. Ke2 Kf5 81. Kf2 Kg4 82. Kf1 Kg3 83. Kg1 Be4 84. Kf1 Kh2 85. Kf2 Kh3 86. Kf1 Kh2 87. Kf2 Bg2 88. Ke2 Kg1 89. Kd3 f3 90. Ke3 f2 91. Kf4 f1=Q+ 92. Kg3 Qf3+ 93. Kh4 Bf1 94. Kg5 Kf2 95. Kh6 Ke3 96. Kg7 Qf4 97. Kh8 Ke4 98. Kg7 Qe5+ 99. Kh7 Qg3 100. Kh8 Kf5 101. Kh7 Kf6 102. Kh8 Qg7# 0-1


[Site "https://www.chess.com"]

[Event "Titled Tuesday Blitz February 21 Late 2023"]
[White "Vaglio Mattey, Emanuel"]
[Black "Goroshkov, Maksym"]
[WhiteFideId "6504167"]
[BlackFideId "14142716"]
[WhiteElo "2155"]
[BlackElo "2287"]
[Result "0-1"]
[Round "06"]
[TimeControl "180+2"]
[Date "2023.02.21"]
[WhiteClock "0:00:04"]
[BlackClock "0:00:25"]

1. d4 Nf6 2. Nf3 d6 3. Bg5 g6 4. Nbd2 Bg7 5. e4 O-O 6. c3 c5 7. dxc5 dxc5 8. Bc4 Nc6 9. Qe2 Bg4 10. h3 Bxf3 11. Nxf3 h6 12. Bh4 a6 13. Rd1 Qa5 14. e5 Nh5 15. e6 f5 16. Bg3 Nxg3 17. fxg3 Rad8 18. Rd7 b5 19. Bd5 Nd4 20. Nxd4 cxd4 21. O-O dxc3 22. b3 Qb4 23. Rd1 Kh7 24. Kh1 Qc5 25. Qd3 Rxd7 26. exd7 e5 27. Bf7 e4 28. Qc2 Rd8 29. Be8 b4 30. h4 h5 31. Qc1 Bh6 32. Qc2 Qe5 33. Kh2 f4 34. gxf4 Qxf4+ 35. g3 Qf3 36. Re1 Bd2 37. Re2 Qxe2+ 38. Kh3 Qf1+ 39. Kh2 Qd3 40. Qd1 c2 41. Bxg6+ Kxg6 42. Qh1 c1=Q 43. a3 Qxg3+ 44. Kxg3 Qxh1 45. axb4 Qf3+ 46. Kh2 Bf4+ 47. Kg1 Kf5 48. b5 Kg4 0-1


[Site "https://www.chess.com"]

[Event "Titled Tuesday Blitz February 21 Late 2023"]
[White "Gerbelli Neto, Eduardo"]
[Black "Jeet, Jain"]
[WhiteFideId "2103281"]
[BlackFideId "5073022"]
[WhiteElo "2114"]
[BlackElo "2199"]
[Result "0-1"]
[Round "06"]
[TimeControl "180+2"]
[Date "2023.02.21"]
[WhiteClock "0:00:39"]
[BlackClock "0:00:59"]

1. e4 c6 2. d4 d5 3. exd5 cxd5 4. c4 Nf6 5. Nc3 g6 6. cxd5 Bg7 7. Qb3 O-O 8. Be2 Nbd7 9. Bf3 Nb6 10. a4 a5 11. Nge2 Bf5 12. Bf4 Bd3 13. d6 exd6 14. Bxb7 Rb8 15. Bf3 Nbd5 16. Qd1 Bxe2 17. Nxe2 Nxf4 18. Nxf4 Re8+ 19. Ne2 Rxb2 20. O-O d5 21. Rb1 Qb6 22. Nc3 Rxb1 23. Nxb1 Ne4 24. Qd3 Bxd4 25. Bxe4 dxe4 26. Qc4 Rd8 27. Na3 Bxf2+ 28. Kh1 e3 29. Nb5 Qe6 30. Qc3 e2 0-1


[Site "https://www.chess.com"]

[Event "Titled Tuesday Blitz February 21 Late 2023"]
[White "Poliakova, Varvara"]
[Black "Pino Perez, Lazaro"]
[WhiteFideId "13518313"]
[BlackFideId "3517055"]
[WhiteElo "2010"]
[BlackElo "2142"]
[Result "1-0"]
[Round "06"]
[TimeControl "180+2"]
[Date "2023.02.21"]
[WhiteClock "0:01:03"]
[BlackClock "0:00:06"]

1. e4 c5 2. Nc3 g6 3. d3 Bg7 4. g3 Nc6 5. Bg2 d6 6. f4 e5 7. Nf3 Nge7 8. O-O O-O 9. h3 Rb8 10. g4 exf4 11. Bxf4 b5 12. Qd2 b4 13. Nd1 a5 14. Bh6 Ne5 15. Bxg7 Kxg7 16. Nxe5 dxe5 17. Qf2 f6 18. Qxc5 Be6 19. Qf2 a4 20. Ne3 a3 21. b3 Nc6 22. Rad1 Nd4 23. Rd2 Rc8 24. h4 Qd7 25. h5 Bxg4 26. Qh4 Be6 27. h6+ Kg8 28. Rxf6 Rxf6 29. Qxf6 Nc6 30. Rf2 Qe7 31. Qxe7 Nxe7 32. Kf1 Nc6 33. Rf6 Nd4 34. Bf3 Bf7 35. Bg4 Rc7 36. Rb6 Kf8 37. Bd1 1-0


[Site "https://www.chess.com"]

[Event "Titled Tuesday Blitz February 21 Late 2023"]
[White "Lorenzo De La Riva, Lazaro"]
[Black "Maltsevskaya, Aleksandra"]
[WhiteFideId "2268809"]
[BlackFideId "24174041"]
[WhiteElo "2404"]
[BlackElo "2390"]
[Result "0-1"]
[Round "06"]
[TimeControl "180+2"]
[Date "2023.02.21"]
[WhiteClock "0:00:06"]
[BlackClock "0:00:36"]

1. d4 Nf6 2. Nc3 d5 3. Bf4 e6 4. Nb5 Na6 5. e3 Be7 6. h4 O-O 7. Be2 c6 8. Nc3 c5 9. a3 Ne4 10. Nxe4 dxe4 11. c3 Nc7 12. Qc2 Nd5 13. Qxe4 f5 14. Qf3 Qb6 15. O-O-O cxd4 16. exd4 Bd7 17. Be5 Rac8 18. Rd3 Qb3 19. Bd1 Qa2 20. Bc2 Bb5 21. Qg3 Rf7 22. Ne2 Bxd3 23. Qxd3 Qa1+ 24. Bb1 Bxa3 25. Qc2 Nb4 26. Qb3 Nd3+ 27. Kc2 Nxe5 28. dxe5 Bc5 29. Rd1 Qa6 30. Nf4 Re8 31. Ba2 Rfe7 32. Rd2 g6 33. Nd3 Qc6 34. h5 Kg7 35. hxg6 hxg6 36. f4 Be3 37. Re2 Bb6 38. g3 Rd8 39. Rh2 Red7 40. Qc4 Rxd3 41. Qxc6 bxc6 42. Bxe6 Rxg3 43. Bc4 Rf3 44. Kb3 Rxf4 45. e6 Rb8 46. Ka2 Rxc4 0-1


[Site "https://www.chess.com"]

[Event "Titled Tuesday Blitz February 21 Late 2023"]
[White "Fernandez Siles, Luis"]
[Black "Sielecki, Christof"]
[WhiteFideId "2209420"]
[BlackFideId "4620437"]
[WhiteElo "2218"]
[BlackElo "2419"]
[Result "0-1"]
[Round "06"]
[TimeControl "180+2"]
[Date "2023.02.21"]
[WhiteClock "0:00:51"]
[BlackClock "0:01:13"]

1. d4 d5 2. c4 e6 3. Nc3 Nf6 4. Nf3 a6 5. e3 Nbd7 6. a3 dxc4 7. Bxc4 b5 8. Ba2 Bb7 9. O-O c5 10. Qe2 Be7 11. Rd1 Qb6 12. dxc5 Nxc5 13. b4 Nce4 14. Bb2 O-O 15. Ne5 Nxc3 16. Bxc3 Rad8 17. Bd4 Qc7 18. Rac1 Qb8 19. f3 Rc8 20. e4 Rxc1 21. Rxc1 Bd6 22. Qb2 Rc8 23. Rd1 h5 24. h4 Rd8 25. Bc5 Bxc5+ 0-1


[Site "https://www.chess.com"]

[Event "Titled Tuesday Blitz February 21 Late 2023"]
[White "Ballester Llagaria, Luis Eduardo"]
[Black "Bach, Matthias"]
[WhiteFideId "2297620"]
[BlackFideId "4603168"]
[WhiteElo "2298"]
[BlackElo "2214"]
[Result "1-0"]
[Round "06"]
[TimeControl "180+2"]
[Date "2023.02.21"]
[WhiteClock "0:00:21"]
[BlackClock "0:00:02"]

1. e4 e5 2. Nf3 Nc6 3. Bc4 Nf6 4. d4 exd4 5. e5 d5 6. Bb5 Ne4 7. Nxd4 Bc5 8. Be3 Bd7 9. Bxc6 bxc6 10. O-O Qe7 11. f3 Nd6 12. f4 Nf5 13. Bf2 Bxd4 14. Bxd4 c5 15. Bf2 d4 16. Nd2 Bc6 17. Nf3 O-O 18. Qd3 g6 19. b3 h5 20. a4 h4 21. Rae1 Rfe8 22. Ng5 Rad8 23. Qh3 f6 24. exf6 Qxf6 25. Bxh4 Re3 26. Bg3 Rde8 27. Qh7+ Kf8 28. Qxc7 R8e7 29. Nh7+ Kf7 30. Nxf6 Rxc7 31. Ng4 Rxe1 32. Rxe1 Bd5 33. Ne5+ Kg7 34. Bf2 Nd6 35. Nd3 Ne4 36. Bg3 c4 37. bxc4 Rxc4 38. Nf2 Nxg3 39. hxg3 Rxc2 40. Rd1 d3 41. Rxd3 Rc1+ 42. Kh2 Be6 43. Rd6 Bc8 44. Nd3 Rc3 45. Ne5 g5 46. Rg6+ Kh7 47. Rxg5 1-0


[Site "https://www.chess.com"]

[Event "Titled Tuesday Blitz February 21 Late 2023"]
[White "Mendez Machado, Andre"]
[Black "Djokic, Mihailo"]
[WhiteFideId "6603793"]
[BlackFideId "976440"]
[WhiteElo "1974"]
[BlackElo "2192"]
[Result "0-1"]
[Round "06"]
[TimeControl "180+2"]
[Date "2023.02.21"]
[WhiteClock "0:00:14"]
[BlackClock "0:02:02"]

1. e4 c5 2. Nc3 Nc6 3. Bb5 Nd4 4. Nf3 Nxb5 5. Nxb5 a6 6. Nc3 e6 7. d4 cxd4 8. Qxd4 b5 9. O-O Qc7 10. Re1 Bb7 11. Nd5 Bxd5 12. exd5 Qc5 13. dxe6 dxe6 14. Qe4 Rd8 15. Be3 Qd5 16. Qh4 Be7 17. Qg3 Nf6 18. Bb6 Rd6 19. Bc7 Rd7 20. h4 O-O 21. Rad1 Qxd1 22. Rxd1 Rxd1+ 23. Kh2 Rc8 24. Be5 Rxc2 25. Ng5 h5 26. Ne4 Ng4+ 0-1


[Site "https://www.chess.com"]

[Event "Titled Tuesday Blitz February 21 Late 2023"]
[White "Zhang, Alan"]
[Black "Melian, Juan Sebastian"]
[WhiteFideId "30936870"]
[BlackFideId "3706575"]
[WhiteElo "2001"]
[BlackElo "2293"]
[Result "0-1"]
[Round "06"]
[TimeControl "180+2"]
[Date "2023.02.21"]
[WhiteClock "0:00:01"]
[BlackClock "0:01:22"]

1. e4 c6 2. d4 d5 3. Nc3 dxe4 4. Nxe4 Nf6 5. Nxf6+ gxf6 6. g3 Bf5 7. Bg2 e6 8. Ne2 Nd7 9. O-O Be7 10. c3 Qc7 11. Nf4 O-O-O 12. Nd3 c5 13. Be3 Kb8 14. Qe2 cxd4 15. Bxd4 e5 16. Be3 h5 17. h4 Bg4 18. Qc2 f5 19. Qb3 f4 20. gxf4 Rhg8 21. f3 Bh3 22. Rf2 Bxh4 23. Re2 Be6 24. Qa4 Nb6 25. Qa5 Rxd3 26. fxe5 Rgd8 27. Bxb6 Qxb6+ 28. Qxb6 axb6 29. Kh2 Bg5 30. Kg3 Rd2 0-1


[Site "https://www.chess.com"]

[Event "Titled Tuesday Blitz February 21 Late 2023"]
[White "Martynov, Pavel"]
[Black "Manu_ChessExcelsior"]
[WhiteFideId "4101260"]
[WhiteElo "2414"]
[BlackElo "2095"]
[Result "1-0"]
[Round "06"]
[TimeControl "180+2"]
[Date "2023.02.21"]
[WhiteClock "0:02:17"]
[BlackClock "0:02:12"]

1. e4 c5 2. Nf3 Nc6 3. Bb5 g6 4. O-O Bg7 5. c3 a6 6. Ba4 b5 7. Bc2 Nf6 8. a4 Bb7 9. Na3 b4 10. Nc4 d5 11. exd5 Nxd5 12. Be4 O-O 13. Bxd5 Qxd5 14. Nb6 Qd3 15. Nxa8 Bxa8 16. Ne1 Ne5 17. Nxd3 1-0


[Site "https://www.chess.com"]

[Event "Titled Tuesday Blitz February 21 Late 2023"]
[White "Gurevich, Ilya"]
[Black "Grigoriants, Sergey"]
[WhiteFideId "2000628"]
[BlackFideId "4130804"]
[WhiteElo "2586"]
[BlackElo "2562"]
[Result "0-1"]
[Round "06"]
[TimeControl "180+2"]
[Date "2023.02.21"]
[WhiteClock "0:00:02"]
[BlackClock "0:00:12"]

1. d4 Nf6 2. c4 g6 3. Nc3 d5 4. cxd5 Nxd5 5. e4 Nxc3 6. bxc3 Bg7 7. Bc4 O-O 8. Ne2 c5 9. Be3 Nc6 10. O-O Qc7 11. Rc1 b6 12. Qd2 Rd8 13. Rfd1 e6 14. h4 Ne5 15. Bb3 Ng4 16. Bf4 e5 17. Bg3 c4 18. Bc2 Bh6 19. f4 Bb7 20. d5 Qc5+ 21. Kh1 Nf2+ 22. Kh2 Nxd1 23. Rxd1 Re8 24. Rf1 Rad8 25. Qd1 exf4 26. Bxf4 Bxf4+ 27. Nxf4 Re5 28. Qf3 Qe7 29. g3 Re8 30. Rd1 Rd8 31. Rf1 Bc8 32. Ne2 Rdxd5 33. exd5 Rxe2+ 34. Rf2 Rxf2+ 35. Qxf2 Qe5 36. Qd2 Bd7 37. Bd1 Kf8 38. Bf3 Ke7 39. Bg2 h5 40. a3 Bf5 41. Qg5+ Kd7 42. Qd2 Be4 43. Qe3 f5 44. Qh6 Bxg2 45. Kxg2 Qxd5+ 46. Kh3 Qf7 47. Qf4 Kc6 48. Qb8 Kb5 49. Qf4 Qe6 50. Kh2 Qe2+ 51. Kh1 Qe4+ 52. Kh2 Qxf4 53. gxf4 Ka4 0-1


[Site "https://www.chess.com"]

[Event "Titled Tuesday Blitz February 21 Late 2023"]
[White "Dourerassou, Jonathan"]
[Black "reevecanada"]
[WhiteFideId "628050"]
[WhiteElo "2414"]
[BlackElo "2441"]
[Result "1-0"]
[Round "06"]
[TimeControl "180+2"]
[Date "2023.02.21"]
[WhiteClock "0:01:25"]
[BlackClock "0:01:02"]

1. d4 Nf6 2. Bg5 Ne4 3. Bf4 d5 4. Nd2 e6 5. Ngf3 Be7 6. e3 O-O 7. Bd3 f5 8. O-O b6 9. Ne5 Bb7 10. f3 Nxd2 11. Qxd2 Nd7 12. c4 Nxe5 13. Bxe5 Bd6 14. f4 Bxe5 15. fxe5 c5 16. Rad1 Qg5 17. Qf2 cxd4 18. exd4 f4 19. Qf3 Rab8 20. Qh3 dxc4 21. Qxh7+ Kf7 22. Bg6+ Ke7 23. Qxg7+ Kd8 24. Qxf8+ Kc7 25. Qd6+ Kc8 26. Qxe6+ Kc7 27. Qf7+ Kd8 28. Qf6+ Qxf6 29. exf6 Kd7 30. Rxf4 1-0


[Site "https://www.chess.com"]

[Event "Titled Tuesday Blitz February 21 Late 2023"]
[White "sissahungrychess"]
[Black "Fiorito, Joaquin"]
[BlackFideId "180173"]
[WhiteElo "2453"]
[BlackElo "2405"]
[Result "0-1"]
[Round "06"]
[TimeControl "180+2"]
[Date "2023.02.21"]
[WhiteClock "0:00:02"]
[BlackClock "0:00:05"]

1. c4 Nf6 2. Nf3 e6 3. g3 d5 4. Bg2 dxc4 5. O-O Nbd7 6. Qa4 a6 7. Qxc4 b5 8. Qc2 Bb7 9. d4 Bd6 10. Nbd2 O-O 11. Nb3 Rc8 12. Bg5 c5 13. Bxf6 Qxf6 14. Ng5 Qxg5 15. Bxb7 Rc7 16. Bxa6 c4 17. Nc5 Nxc5 18. dxc5 Qxc5 19. a4 b4 20. Rfc1 c3 21. bxc3 Be5 22. Bd3 Bxc3 23. Rab1 g6 24. Bb5 Rfc8 25. Qd3 h5 26. h4 Qe5 27. Kg2 Kg7 28. Rd1 Qc5 29. Qf3 Qe5 30. Qd3 Rc5 31. Qf3 R8c7 32. Rd8 Qf5 33. Bd3 Qxf3+ 34. Kxf3 f5 35. Ra8 e5 36. Bb5 e4+ 37. Kg2 Bd2 38. Rb2 e3 39. fxe3 Bc3 40. Rb1 Re5 41. Bd3 Rxe3 42. a5 Re5 43. a6 Ra5 44. Rb8 Kf6 45. Rb6+ Kg7 46. Rb5 Rxa6 47. R5xb4 Rd6 48. Rb7 Rdd7 49. Rxc7 Rxc7 50. Rb5 Kf6 51. Rb6+ Kg7 52. Kf3 Be5 53. Kg2 Rc1 54. Ra6 Bd4 55. Kf3 Rf1+ 56. Kg2 Rf2+ 57. Kh3 Be5 0-1


[Site "https://www.chess.com"]

[Event "Titled Tuesday Blitz February 21 Late 2023"]
[White "Moral Garcia, Serafin"]
[Black "Prydun, Andriy"]
[WhiteFideId "2201925"]
[BlackFideId "14145898"]
[WhiteElo "2238"]
[BlackElo "2134"]
[Result "0-1"]
[Round "06"]
[TimeControl "180+2"]
[Date "2023.02.21"]
[WhiteClock "0:00:08"]
[BlackClock "0:00:04"]

1. e4 d5 2. exd5 Qxd5 3. Nc3 Qd8 4. d4 Nf6 5. g3 c6 6. Bg2 Bg4 7. Nf3 Nbd7 8. h3 Bxf3 9. Bxf3 e6 10. O-O Bd6 11. Bg2 O-O 12. Ne2 Qc7 13. c4 Rad8 14. Qc2 a6 15. a4 c5 16. Be3 cxd4 17. Bxd4 Bc5 18. Bc3 Qb6 19. a5 Qc7 20. b4 Be7 21. Qb3 Rc8 22. Rfc1 Nb8 23. Bd4 Nc6 24. Bb6 Qe5 25. Nf4 Bd8 26. Nd3 Qf5 27. Nc5 Bxb6 28. axb6 Nxb4 29. Nxb7 Nd3 30. Rc2 Qe5 31. Rd1 Ne1 32. Ra2 Nxg2 33. Kxg2 Qe4+ 34. Qf3 Qxc4 35. Rda1 Qc6 36. Rxa6 Nd5 37. Na5 Qc2 38. b7 Rc3 39. Ra8 Qb2 40. Qe4 Ne3+ 41. Qxe3 Rxe3 42. Nc6 Qxb7 43. Rxf8+ Kxf8 44. fxe3 Qxc6+ 0-1


[Site "https://www.chess.com"]

[Event "Titled Tuesday Blitz February 21 Late 2023"]
[White "Petukhov, Dmitry"]
[Black "Seletsky, Grigory"]
[WhiteFideId "4142748"]
[BlackFideId "14112191"]
[WhiteElo "2350"]
[BlackElo "2259"]
[Result "1-0"]
[Round "06"]
[TimeControl "180+2"]
[Date "2023.02.21"]
[WhiteClock "0:00:56"]
[BlackClock "0:00:24"]

1. e4 e6 2. d4 d5 3. e5 c5 4. c3 Nc6 5. Nf3 Bd7 6. a3 Rc8 7. Be3 cxd4 8. cxd4 Nge7 9. Bd3 a6 10. O-O Na7 11. Nc3 Ng6 12. Rc1 Be7 13. b4 O-O 14. Re1 Bb5 15. Nxb5 Nxb5 16. Qb3 Qd7 17. a4 Na7 18. b5 a5 19. g3 b6 20. h4 Rxc1 21. Rxc1 Rc8 22. h5 Rxc1+ 23. Bxc1 Nf8 24. Qc2 Qc8 25. Qxc8 Nxc8 26. g4 f6 27. Bf4 Nd7 28. Kg2 fxe5 29. Nxe5 Nxe5 30. Bxe5 Bd6 31. f4 h6 32. Kf3 Kf7 33. Bg6+ Kf8 34. f5 Bxe5 35. dxe5 Ne7 36. Ke3 Nxg6 37. hxg6 Ke7 38. Kd4 Kd7 39. f6 gxf6 40. g7 fxe5+ 41. Kxe5 1-0


[Site "https://www.chess.com"]

[Event "Titled Tuesday Blitz February 21 Late 2023"]
[White "Fernandez Garcia, Gumersindo"]
[Black "Ehlvest, Jaan"]
[WhiteFideId "24516740"]
[BlackFideId "4500016"]
[WhiteElo "2160"]
[BlackElo "2530"]
[Result "0-1"]
[Round "06"]
[TimeControl "180+2"]
[Date "2023.02.21"]
[WhiteClock "0:00:08"]
[BlackClock "0:00:36"]

1. e4 c5 2. Nf3 Nc6 3. c3 Nf6 4. e5 Nd5 5. d4 cxd4 6. cxd4 d6 7. Bc4 Nb6 8. Bb5 dxe5 9. Nxe5 Bd7 10. Nxd7 Qxd7 11. Nc3 e6 12. O-O a6 13. Bxc6 Qxc6 14. Qg4 h5 15. Qh4 Rd8 16. Bg5 f6 17. Bxf6 gxf6 18. Qxf6 Rh6 19. Qf4 Nd5 20. Nxd5 Qxd5 21. Rfe1 Rg6 22. g3 Qxd4 23. Qc7 Bc5 24. Qxb7 Qxf2+ 25. Kh1 Rf6 26. Qc6+ Ke7 27. Rf1 Qxf1+ 28. Rxf1 Rxf1+ 29. Kg2 Rf2+ 30. Kh3 Rd5 31. a3 Kf6 32. Qe8 Rdd2 33. Qh8+ Ke7 34. Kh4 Be3 35. h3 Rf5 36. Qg7+ Kd6 37. Qc3 Rd4+ 38. g4 Bf2+ 39. Qg3+ Bxg3+ 40. Kxg3 hxg4 41. hxg4 Rg5 0-1


[Site "https://www.chess.com"]

[Event "Titled Tuesday Blitz February 21 Late 2023"]
[White "Urbina Perez, Juan Antonio"]
[Black "Nilsen, Tobias Lang"]
[WhiteFideId "2217368"]
[BlackFideId "1521624"]
[WhiteElo "2266"]
[BlackElo "2247"]
[Result "0-1"]
[Round "06"]
[TimeControl "180+2"]
[Date "2023.02.21"]
[WhiteClock "0:01:26"]
[BlackClock "0:00:57"]

1. e4 e6 2. d4 d5 3. Nc3 Bb4 4. Qg4 Nf6 5. Qxg7 Rg8 6. Qh6 dxe4 7. Bd2 Nc6 8. Nge2 Rg6 9. Qe3 Bxc3 10. Bxc3 Bd7 11. O-O-O Qe7 12. Ng3 Nd5 13. Qxe4 Nxc3 14. bxc3 Qa3+ 15. Kb1 O-O-O 16. Ne2 e5 17. d5 Nd4 18. Nxd4 exd4 19. Rxd4 Qxc3 20. Bc4 Re8 21. Qd3 Rb6+ 22. Bb3 Re1+ 23. Rxe1 Qxe1+ 24. Qd1 Qxf2 25. Rd2 Qf4 26. Qh5 Qxd2 0-1


[Site "https://www.chess.com"]

[Event "Titled Tuesday Blitz February 21 Late 2023"]
[White "Haszon, David"]
[Black "Filgueira, Hernan"]
[WhiteFideId "733610"]
[BlackFideId "101770"]
[WhiteElo "2264"]
[BlackElo "2283"]
[Result "0-1"]
[Round "06"]
[TimeControl "180+2"]
[Date "2023.02.21"]
[WhiteClock "0:00:02"]
[BlackClock "0:00:13"]

1. d4 d6 2. Nc3 Nf6 3. e4 e5 4. Nf3 Nbd7 5. Bc4 Be7 6. O-O O-O 7. Qe2 exd4 8. Nxd4 Ne5 9. Bb3 c5 10. Nf5 Bxf5 11. exf5 Nc6 12. Nd5 Re8 13. c3 Nxd5 14. Bxd5 Bf6 15. Qc4 Qd7 16. Bf4 a6 17. a4 Be5 18. Bxe5 Nxe5 19. Qf4 Rab8 20. Rad1 Qe7 21. h3 b5 22. a5 c4 23. Rfe1 Qf6 24. Be4 b4 25. Rd4 h6 26. Red1 Red8 27. Qd2 bxc3 28. bxc3 Rb5 29. Rxd6 Rxd6 30. Qxd6 Qxd6 31. Rxd6 Rxa5 32. f4 Nd3 33. Rd8+ Kh7 34. f6+ g6 35. Rf8 Nxf4 36. Rxf7+ Kg8 37. Rg7+ Kf8 38. Ra7 Re5 39. Bf3 Re6 40. f7 Re7 41. Rxa6 Kxf7 42. Rc6 g5 43. Rxc4 Re1+ 44. Kh2 Rc1 45. Rc6 h5 46. Rc5 Kf6 47. Rc6+ Kf5 48. Rc5+ Kf6 49. Be4 h4 50. Rf5+ Ke6 51. Rxg5 Ne2 52. g4 hxg3+ 53. Kg2 Rxc3 54. Rg4 Ke5 55. Ba8 Nf4+ 56. Rxf4 Kxf4 57. h4 Rc2+ 58. Kh3 Rh2# 0-1


[Site "https://www.chess.com"]

[Event "Titled Tuesday Blitz February 21 Late 2023"]
[White "Li, Hui"]
[Black "Santos Flores, Alberto"]
[WhiteFideId "15400310"]
[BlackFideId "3601234"]
[WhiteElo "1963"]
[BlackElo "2164"]
[Result "1/2-1/2"]
[Round "06"]
[TimeControl "180+2"]
[Date "2023.02.21"]
[WhiteClock "0:00:39"]
[BlackClock "0:00:30"]

1. e4 c5 2. Nf3 Nc6 3. d4 cxd4 4. Nxd4 g6 5. Nc3 Bg7 6. Be3 Nf6 7. Bc4 O-O 8. Bb3 d6 9. f3 Bd7 10. Qd2 Rc8 11. O-O-O Ne5 12. Kb1 a5 13. a4 Nc4 14. Bxc4 Rxc4 15. b3 Rc8 16. g4 Be6 17. h4 d5 18. Nxe6 fxe6 19. exd5 Nxd5 20. Nxd5 exd5 21. Qxd5+ Qxd5 22. Rxd5 Rxf3 23. Bd4 Bxd4 24. Rxd4 Rf2 25. Rc1 Kf7 26. Rd7 b6 27. Re1 Rcxc2 28. Rexe7+ Kf6 29. Rf7+ Ke6 30. Rxf2 Rxf2 31. Rxh7 Rf4 32. h5 Rxg4 33. hxg6 Rxg6 34. Kc2 Kd5 35. Rb7 Kc5 36. Rc7+ Kd6 37. Rb7 Kc6 38. Rb8 Rg2+ 39. Kc3 Rg3+ 40. Kc2 Rg2+ 41. Kc3 Rg3+ 42. Kc2 Rg5 43. Kc3 Rc5+ 44. Kb2 Kc7 45. Rh8 b5 46. axb5 Rxb5 47. Ka3 Rg5 48. Rh7+ Kb6 49. Rh8 Rg3 50. Rb8+ Ka7 51. Rb5 Ka6 52. Rb8 Rg1 53. Ka2 Rg4 54. Ka3 Rg5 55. b4 Rg3+ 56. Ka4 Rg4 57. Ka3 axb4+ 58. Rxb4 Rxb4 59. Kxb4 1/2-1/2


[Site "https://www.chess.com"]

[Event "Titled Tuesday Blitz February 21 Late 2023"]
[White "Coelho, Ramyres Santana"]
[Black "Grycel, Kamil"]
[WhiteFideId "2120690"]
[BlackFideId "1115499"]
[WhiteElo "1981"]
[BlackElo "2315"]
[Result "1-0"]
[Round "06"]
[TimeControl "180+2"]
[Date "2023.02.21"]
[WhiteClock "0:00:08"]
[BlackClock "0:00:02"]

1. e4 b6 2. d4 Bb7 3. Nc3 e6 4. f3 g6 5. Be3 Bg7 6. Qd2 h6 7. O-O-O d6 8. g4 Nd7 9. h4 Ne7 10. f4 a6 11. f5 gxf5 12. gxf5 exf5 13. Bc4 Nf6 14. Nge2 b5 15. Bb3 b4 16. Nd5 Nxe4 17. Qxb4 Bxd5 18. c4 Rb8 19. Qe1 Be6 20. Rg1 Bf6 21. d5 Bd7 22. Nd4 Ng6 23. h5 Ne5 24. Qf1 Qc8 25. Bc2 Ng4 26. Rxg4 fxg4 27. Bxe4 Be5 28. b3 Qd8 29. Nc6 Bxc6 30. dxc6 Qf6 31. Qd3 g3 32. Rf1 Qe7 33. Bd5 g2 34. Rxf7 Qxf7 35. Bxf7+ Kxf7 36. Qg6+ Ke7 37. Qxg2 Rhg8 38. Qh3 Kf6 39. Bxh6 Rg1+ 40. Kc2 Rbg8 41. Qh4+ Kf5 42. Bd2 R8g2 43. Qe7 Rh2 44. Qf7+ Ke4 45. Qd5+ Kf5 46. Qf7+ Ke4 47. Qxc7 Rgg2 48. Qh7+ Kf3 49. Qd3+ Kg4 50. c7 Bf4 51. c8=Q+ Kxh5 52. Qh8+ Kg4 53. Qg7+ Kh4 54. Qdh7+ Bh6 55. Qhxh6# 1-0


[Site "https://www.chess.com"]

[Event "Titled Tuesday Blitz February 21 Late 2023"]
[White "Deng, Henry"]
[Black "Rego, Pedro Filipe"]
[WhiteFideId "30965454"]
[BlackFideId "1904310"]
[WhiteElo "2168"]
[BlackElo "2312"]
[Result "0-1"]
[Round "06"]
[TimeControl "180+2"]
[Date "2023.02.21"]
[WhiteClock "0:01:43"]
[BlackClock "0:01:06"]

1. e4 c5 2. Nc3 Nc6 3. Bb5 Nd4 4. Nf3 a6 5. Bd3 e6 6. O-O Ne7 7. Nxd4 cxd4 8. Ne2 Nc6 9. c3 Bc5 10. b4 Ba7 11. a4 O-O 12. b5 axb5 13. axb5 Ne5 14. Bb1 d3 15. Nd4 d5 16. exd5 exd5 17. Re1 Bg4 18. Qb3 Re8 19. Re3 Bxd4 20. Rxa8 Qxa8 21. cxd4 Nc4 22. Rxe8+ Qxe8 23. Qxd3 Bf5 24. Qf1 Bxb1 25. d3 Nb6 26. Ba3 Qxb5 27. Bc5 h6 0-1


[Site "https://www.chess.com"]

[Event "Titled Tuesday Blitz February 21 Late 2023"]
[White "The_Sherman_Variation"]
[Black "Prieto Aranguren, Alain"]
[BlackFideId "2268906"]
[WhiteElo "2501"]
[BlackElo "2258"]
[Result "1-0"]
[Round "06"]
[TimeControl "180+2"]
[Date "2023.02.21"]
[WhiteClock "0:00:41"]
[BlackClock "0:01:02"]

1. d4 g6 2. Bf4 Bg7 3. Nc3 d5 4. h4 h5 5. e3 c6 6. Nf3 Nf6 7. Bd3 Bg4 8. Qd2 Nbd7 9. Ne5 Nxe5 10. Bxe5 O-O 11. f3 Be6 12. O-O-O b5 13. Qf2 a5 14. g4 hxg4 15. h5 gxh5 16. Qh4 Re8 17. Rdg1 a4 18. Ne2 b4 19. Nf4 b3 20. a3 bxc2 21. Nxh5 Nxh5 22. Bxg7 Kxg7 23. Qg5+ 1-0


[Site "https://www.chess.com"]

[Event "Titled Tuesday Blitz February 21 Late 2023"]
[White "Buganca, Luiz Henrique Da Silva"]
[Black "Rottenwohrer Suarez, Juan"]
[WhiteFideId "2182289"]
[BlackFideId "32068182"]
[WhiteElo "1920"]
[BlackElo "2265"]
[Result "1-0"]
[Round "06"]
[TimeControl "180+2"]
[Date "2023.02.21"]
[WhiteClock "0:00:49"]
[BlackClock "0:00:08"]

1. d4 Nf6 2. c4 g6 3. Nf3 Bg7 4. g3 b6 5. Bg2 Bb7 6. O-O O-O 7. Nc3 Ne4 8. Qc2 Nxc3 9. Qxc3 c5 10. Rd1 cxd4 11. Nxd4 Bxg2 12. Kxg2 Qc7 13. Qd3 Rc8 14. Qf3 Nc6 15. Nb5 Qb7 16. Rb1 a6 17. Nc3 b5 18. cxb5 axb5 19. a3 Rab8 20. Bf4 d6 21. Nd5 Nd4 22. Qe4 e5 23. Rxd4 exd4 24. Ne7+ Kf8 25. Qxb7 Rxb7 26. Nxc8 Be5 27. Nxd6 Bxf4 28. Nxb7 b4 1-0


[Site "https://www.chess.com"]